 Dungeon Crawl Stone Soup version 0.17.1-2-g5865329 (webtiles) character file.

289 PossumBlood the Archer (level 6, -1/39 HPs)
             Began as a High Elf Hunter on Jan 24, 2016.
             Slain by a centaur skeleton (7 damage)
             ... on level 4 of the Dungeon.
             The game lasted 00:07:29 (2623 turns).

PossumBlood the Archer (High Elf Hunter)            Turns: 2623, Time: 00:07:29

Health: -1/39      AC:  2    Str: 11    XL:     6   Next: 9%
Magic:  7/7        EV: 12    Int: 16    God:
Gold:   114        SH:  0    Dex: 17    Spells: 0 memorised, 5 levels left

rFire  . . .     SeeInvis .     b - +0 short sword
rCold  . . .     Clarity  .     c - +0 leather armour
rNeg   . . .     SustAt   .     (no shield)
rPois  .         Gourm    .     (no helmet)
rElec  .         Spirit   .     n - +0 cloak (curse)
rCorr  .         Warding  .     (no gloves)
rMut   .         Stasis   .     (no boots)
MR     .....                    (no amulet)
Stlth  ++........               (no ring)
                                g - -2 ring of protection

@: not resistant to hostile enchantments, unstealthy
A: no striking features
a: no special abilities


You were on level 4 of the Dungeon.
You were not hungry.

You visited 1 branch of the dungeon, and saw 4 of its levels.

You collected 114 gold pieces.

Inventory:

Hand Weapons
 a - a +1 shortbow
 b - a +0 short sword (weapon)
Armour
 c - a +0 leather armour (worn)
 n - a cursed +0 cloak (worn)
Jewellery
 g - a -2 ring of protection (left hand)
Scrolls
 j - a scroll of magic mapping
 k - 2 scrolls of immolation
 m - a scroll of recharging
Potions
 f - a potion of cure mutation
 h - a potion of flight
 i - a potion of resistance {unknown}
 l - a potion of haste {unknown}
 p - a potion of brilliance {unknown}
 q - a potion of agility {unknown}
Comestibles
 e - a bread ration
 o - 2 fruits


   Skills:
 - Level 2.0 Fighting
 * Level 9.7 Bows
 - Level 2.1 Dodging
 - Level 1.1 Stealth


You had 5 spell levels left.
You didn't know any spells.

Dungeon Overview and Level Annotations

Branches:
Dungeon (4/15)
 Temple: D:4-7

Altars:
The Shining One


Message History

You are too injured to fight recklessly!
You are too injured to fight recklessly!
You are too injured to fight recklessly!
You are too injured to fight recklessly!
You are too injured to fight recklessly!
You are too injured to fight recklessly!
You hit the centaur skeleton.
The centaur skeleton closely misses you.
The centaur skeleton hits you but does no damage.
You hit the centaur skeleton.
The centaur skeleton closely misses you.
You hit the centaur skeleton.
The centaur skeleton completely misses you.
You hit the centaur skeleton. The centaur skeleton hits you.
* * * LOW HITPOINT WARNING * * *
The centaur skeleton barely misses you.
You hit the centaur skeleton.
The centaur skeleton hits you but does no damage.
You hit the centaur skeleton. The centaur skeleton hits you!
You die...

#.. ..#
####.##### ...#
#........# ...##
#.##.#)..#......
#.#...#.....#
#.#.#.......#
##.#.#.##.>...
#.<#.........#
######@###....
#Z# .. #.. .
.%(. .....
....(.. ........
...(......


You could see a centaur skeleton.

Vanquished Creatures
  2 ogres
  Jessica (D:2)
  Natasha (thrice) (D:2)
  2 adders
  A worm (D:2)
  3 giant geckos
  An orc (D:3)
  A goblin (D:2)
  4 hobgoblins
  9 kobolds
  A quokka (D:2)
  6 bats
  2 giant cockroaches (D:2)
  4 giant newts
  5 rats
45 creatures vanquished.

Notes
Turn   | Place    | Note
--------------------------------------------------------------
     0 | D:1      | PossumBlood the High Elf Hunter began the quest for the Orb.
     0 | D:1      | Reached XP level 1. HP: 14/14 MP: 2/2
   301 | D:1      | Found a glowing golden altar of the Shining One.
   320 | D:1      | Reached XP level 2. HP: 19/19 MP: 3/3
   414 | D:1      | Reached skill level 6 in Bows
   845 | D:2      | Reached XP level 3. HP: 22/24 MP: 4/4
   868 | D:2      | Noticed Natasha
   874 | D:2      | Killed Natasha
   874 | D:2      | Reached skill level 7 in Bows
   965 | D:2      | Noticed Natasha
   971 | D:2      | Killed Natasha
   971 | D:2      | Reached XP level 4. HP: 29/29 MP: 5/5
  1058 | D:2      | Noticed Jessica
  1060 | D:2      | Killed Jessica
  1287 | D:2      | Noticed Natasha
  1287 | D:2      | Killed Natasha
  1471 | D:3      | Reached skill level 8 in Bows
  1907 | D:3      | Noticed an ogre
  1913 | D:3      | Killed an ogre
  1913 | D:3      | Reached XP level 5. HP: 34/34 MP: 6/6
  2097 | D:3      | Reached skill level 9 in Bows
  2536 | D:4      | Noticed an ogre
  2548 | D:4      | Killed an ogre
  2548 | D:4      | Reached XP level 6. HP: 26/39 MP: 7/7
  2623 | D:4      | Slain by a centaur skeleton

Action                   |  1- 3 |  4- 6 || total
-------------------------+-------+-------++-------
Melee: Short sword       |       |    16 ||    16
 Fire: Shortbow          |    71 |    77 ||   148
  Use: Scroll            |     9 |     3 ||    12
  Eat: Bread ration      |       |     1 ||     1
       Beef jerky        |       |     1 ||     1
